 Dungeon Crawl Stone Soup version 0.16.1-25-gbcee3f8 (webtiles) character file.

254 zappa92 the Ruffian (level 5, 0/48 HPs)
             Began as a Minotaur Monk on May 18, 2015.
             Killed by divine providence
             ... invoked by an orc priest
              (13 damage)
             ... on level 4 of the Dungeon.
             The game lasted 00:10:57 (2209 turns).

zappa92 the Ruffian (Minotaur Monk)                 Turns: 2209, Time: 00:10:57

Health: 0/48       AC:  2    Str: 16    XL:     5   Next: 91%
Magic:  2/2        EV: 14    Int:  7    God:
Gold:   157        SH:  0    Dex: 13    Spells: 0 memorised, 4 levels left

rFire  . . .     SeeInvis .       - Unarmed
rCold  . . .     Clarity  .     a - +0 robe
rNeg   . . .     SustAb   .     (no shield)
rPois  .         Gourm    .     (helmet restricted)
rElec  .         Spirit   .     (no cloak)
rCorr  .         Warding  .     (no gloves)
rMut   .         Stasis   .     (no boots)
MR     .....                    (no amulet)
Stlth  +.........               (no ring)
                                (no ring)

@: confused, starving, not resistant to hostile enchantments, very unstealthy
A: retaliatory headbutt, horns 2
a: no special abilities


You were on level 4 of the Dungeon.
You were starving.

You visited 1 branch of the dungeon, and saw 4 of its levels.

You collected 157 gold pieces.

Inventory:

Hand weapons
 c - a +0 hand axe
 m - a +0 quarterstaff
 s - a +0 short sword
 u - a +0 morningstar
Armour
 a - a +0 robe (worn)
 g - a +0 leather armour
 k - a +1 helmet
 n - a +2 large shield
 t - a +0 robe
Scrolls
 e - a scroll of enchant armour {unknown}
 f - 5 scrolls of identify {unknown}
 i - a scroll of teleportation {unknown}
Potions
 d - a potion of heal wounds
 h - 2 potions of flight {unknown}
 o - a potion of beneficial mutation {unknown}
 q - 2 potions of agility {unknown}
 r - 2 potions of haste {unknown}
Comestibles
 b - 3 bread rations
 j - 5 fruits
 l - 2 meat rations
 p - a beef jerky


   Skills:
 + Level 5.1 Fighting
 + Level 0.5 Staves
 + Level 4.9 Dodging
 + Level 2.0 Stealth
 + Level 5.8 Unarmed Combat


You had 4 spell levels left.
You didn't know any spells.

Dungeon Overview and Level Annotations

Branches:
Dungeon (4/15)
 Temple: D:4-7

Altars:
Ru


Innate Abilities, Weirdness & Mutations

You reflexively headbutt those who attack you in melee.
You have a pair of horns on your head.


Message History

You hear some strange, mumbled words.
You are more confused.
You miss something. You closely miss the orc priest.
The orc priest is heavily wounded.
The orc priest utters an invocation to Beogh.
You feel a wave of unholy energy pass over you.
Something hits you.
You bump into the rock wall.
The orc priest calls down the wrath of Beogh upon you.
Something smites you!
You hear some strange, mumbled words.
You are more confused.
You bump into the rock wall.
The orc priest closely misses you. Something hits you but does no damage.
You bump into the rock wall.
Something hits you.
* * * LOW HITPOINT WARNING * * *
The orc priest calls down the wrath of Beogh upon you.
Something smites you!
You die...

#.# ##.##
###...###
.......
#...# #.#
#o#
#o######..#
#@{........
########..#


You could see an orc priest and an orc.

Vanquished Creatures
  A water moccasin (D:3)
  A scorpion (D:3)
  5 adders
  A giant mite (D:2)
  2 worms
  An ooze (D:3)
  3 orcs
  A giant cockroach (D:1)
  8 hobgoblins
  6 bats
  2 giant newts
  A goblin (D:3)
  9 kobolds
  9 rats
50 creatures vanquished.

Notes
Turn   | Place    | Note
--------------------------------------------------------------
     0 | D:1      | zappa92, the Minotaur Monk, began the quest for the Orb.
     0 | D:1      | Reached XP level 1. HP: 19/19 MP: 1/1
   401 | D:1      | Reached XP level 2. HP: 25/27 MP: 1/1
   756 | D:2      | Reached XP level 3. HP: 24/33 MP: 2/2
   798 | D:2      | Reached skill level 5 in Unarmed Combat
  1217 | D:3      | Reached XP level 4. HP: 40/40 MP: 2/2
  1287 | D:3      | Noticed a scorpion
  1297 | D:3      | Killed a scorpion
  1372 | D:3      | Reached XP level 5. HP: 36/47 MP: 2/2
  1433 | D:3      | Found a sacrificial altar of Ru.
  1514 | D:3      | Noticed a water moccasin
  1524 | D:3      | Killed a water moccasin
  1524 | D:3      | Reached skill level 5 in Fighting
  2209 | D:4      | Killed from afar by an orc priest

Action                   |  1- 3 |  4- 6 || total
-------------------------+-------+-------++-------
Melee: Unarmed           |    60 |    52 ||   112
       Quarterstaff      |     9 |       ||     9
  Use: Potion            |       |     2 ||     2
  Eat: Beef jerky        |       |     1 ||     1
